 Dungeon Sprint DCSS version 0.28-a0-863-g8cecda6153 (webtiles) character file.

Game seed: 2292017408069835745

431 Turgor the Geomancer (level 7, -8/44 HPs)
             Began as a Gargoyle Earth Elementalist on Nov 16, 2021.
             Was a Follower of Vehumet.
             Killed from afar by a gargoyle (15 damage)
             ... with a stone arrow
             ... in the Dungeon (Sprint IX: "|||||||||||||||||||||||||||||").
             The game lasted 00:09:13 (1096 turns).

Turgor the Geomancer (Gargoyle Earth Elementalist)  Turns: 1096, Time: 00:09:15

Health: -8/44      AC: 10    Str: 12    XL:     7   Next: 0%
Magic:  4/16       EV: 12    Int: 17    God:    Vehumet [*.....]
Gold:   0          SH:  0    Dex: 13    Spells: 9/19 levels left

rFire   . . .      SeeInvis .   l - +2 rapier (drain)
rCold   . . .      Faith    .   (no shield)
rNeg    + . .      Spirit   .   b - +0 robe
rPois   ∞          Reflect  .   m - +0 helmet
rElec   +          Harm     .   (no cloak)
rCorr   .          Rampage  .   a - +0 pair of gloves
Will    .....      NoTele   +   (no boots)
Stlth   ++........              (no amulet)
HPRegen 0.14/turn               n - +3 ring of dexterity
MPRegen 0.15/turn               o - +2 ring of protection

@: no status effects
A: sickness immunity, AC +4, negative energy resistance 1, electricity
resistance, torment resistance 1, petrification resistance
a: Renounce Religion


You were in the Dungeon.
You worshipped Vehumet.
Vehumet was aware of your devotion.
You visited 1 branch

Inventory:

Hand Weapons
 l - a +2 rapier of draining (weapon)
Missiles
 i - 13 stones
Armour
 a - a +0 pair of gloves (worn)
 b - a +0 robe (worn)
 m - a +0 helmet (worn)
Jewellery
 n - a +3 ring of dexterity (left hand)
 o - a +2 ring of protection (right hand)
Wands
 k - a wand of acid (10)
Scrolls
 h - a scroll of blinking
 j - 2 scrolls of amnesia
Potions
 c - 5 potions of curing
 d - 3 potions of heal wounds
 e - a potion of haste
 f - 4 potions of magic
 g - a potion of invisibility


   Skills:
 + Level 5.0 Fighting
 + Level 0.0 Short Blades
 - Level 1.5 Dodging
 - Level 2.1 Stealth
 + Level 6.5 Spellcasting
 + Level 4.9 Conjurations
 - Level 4.0 Transmutations
 * Level 12.0 Earth Magic


You had 9 spell levels left.
You knew the following spells:

 Your Spells              Type           Power      Damage    Failure   Level
a - Sandblast             Erth           92%        2d19      1%          1
b - Passwall              Tmut/Erth      26%        N/A       1%          2
c - Stone Arrow           Conj/Erth      68%        3d11      1%          3
d - Petrify               Tmut/Erth      32%        N/A       4%          4

Your spell library contained the following spells:

 Spells                   Type           Power      Damage    Failure   Level
 Foxfire                  Conj/Fire      56%        2x1d6     4%          1


Dungeon Overview and Level Annotations

Branches:
Dungeon (1/1)

Altars:
Cheibriados
Dithmenos
Elyvilon
Fedhas
Gozag
Hepliaklqana
Kikubaaqudgha
Makhleb
Nemelex Xobeh
Okawaru
Qazlal
Ru
Sif Muna
Trog
Uskayaw
Vehumet
Wu Jian
Xom
Yredelemnul
Zin
The Shining One
Beogh
Jiyva
Lugonu


Innate Abilities, Weirdness & Mutations

You are immune to sickness and miasma.
Your stone body is resilient. (AC +4)
You are immune to poison.
You resist negative energy. (rN+)
You are resistant to electric shocks. (rElec)
You are resistant to unholy torment.
You are immune to petrification.


Message History

* * * LOW HITPOINT WARNING * * *
Casting: Sandblast (safe; 1% risk of failure)
Confirm with . or Enter, or press ? or * to list all spells.
Aiming: Sandblast (safe; 1% risk of failure)
Press: ? - help, Shift-Dir - straight line, f/p - gargoyle
Aim: a gargoyle, wielding a +0 flail (almost destroyed, 92% to hit)
The blast of sand hits the gargoyle but does no damage.
The gargoyle is almost destroyed.
The gargoyle closely misses you.
Unknown command.
Press < or > to pray at altars.
Casting: Sandblast (safe; 1% risk of failure)
Confirm with . or Enter, or press ? or * to list all spells.
Aiming: Sandblast (safe; 1% risk of failure)
Press: ? - help, Shift-Dir - straight line, f/p - gargoyle
Aim: a gargoyle, wielding a +0 flail (almost destroyed, 92% to hit)
The blast of sand hits the gargoyle but does no damage.
The gargoyle is almost destroyed.
The gargoyle hurls a stone arrow at you.
The stone arrow misses you.
Casting: Sandblast (safe; 1% risk of failure)
Confirm with . or Enter, or press ? or * to list all spells.
Aiming: Sandblast (safe; 1% risk of failure)
Press: ? - help, Shift-Dir - straight line, f/p - gargoyle
Aim: a gargoyle, wielding a +0 flail (almost destroyed, 92% to hit)
The blast of sand hits the gargoyle but does no damage.
The gargoyle is almost destroyed.
The gargoyle hits you but does no damage.
Unknown command.
Press < or > to pray at altars.
Casting: Sandblast (safe; 1% risk of failure)
Confirm with . or Enter, or press ? or * to list all spells.
Aiming: Sandblast (safe; 1% risk of failure)
Press: ? - help, Shift-Dir - straight line, f/p - gargoyle
Aim: a gargoyle, wielding a +0 flail (almost destroyed, 92% to hit)
The blast of sand hits the gargoyle but does no damage.
The gargoyle is almost destroyed.
The gargoyle hurls a stone arrow at you.
The stone arrow hits you!
You die...

▓_▓
▓_▓
▓_▓
▓_▓
▓_▓
▓_▓
▓_▓
▓_▓
▓@▓
▓9▓
▓Z▓
▓_▓
▓_▓
▓'▓
▓.▓
▓.▓
▓)▓


You could see a gargoyle and a ball python zombie.

Vanquished Creatures
  2 yaks (D)
  A centaur (D)
  A hound (D)
  A gnoll shaman (D)
  A gnoll (D)
  A bat skeleton (D)
  An endoplasm (D)
  3 kobolds (D)
  A quokka (D)
  A jackal skeleton (D)
13 creatures vanquished.

Notes
Turn   | Place    | Note
-------+----------+-------------------------------------------
     0 | D        | Turgor the Gargoyle Earth Elementalist began the quest for
                  | the Orb.
     0 | D        | Reached XP level 1. HP: 10/10 MP: 3/3
     5 | D        | Reached skill level 1 in Transmutations
     5 | D        | Reached skill level 4 in Earth Magic
   210 | D        | Noticed a centaur
   210 | D        | Noticed a hound
   216 | D        | Killed a centaur
   217 | D        | Reached skill level 8 in Earth Magic
   217 | D        | Reached XP level 2. HP: 3/15 MP: 1/7
   217 | D        | Reached XP level 3. HP: 4/19 MP: 1/8
   217 | D        | Reached XP level 4. HP: 5/24 MP: 1/10
   225 | D        | Reached XP level 5. HP: 4/28 MP: 2/12
   226 | D        | HP: 1/42 [gnoll (3)]
   228 | D        | Reached skill level 9 in Earth Magic
   257 | D        | Learned a level 2 spell: Passwall
   261 | D        | Learned a level 3 spell: Stone Arrow
   266 | D        | Learned a level 4 spell: Petrify
   520 | D        | Found a snail-covered altar of Cheibriados.
   520 | D        | Found a shadowy altar of Dithmenos.
   520 | D        | Found a white marble altar of Elyvilon.
   520 | D        | Found a blossoming altar of Fedhas.
   520 | D        | Found an opulent altar of Gozag.
   521 | D        | Found a hazy altar of Hepliaklqana.
   522 | D        | Found a viscous altar of Jiyva.
   523 | D        | Found an ancient bone altar of Kikubaaqudgha.
   524 | D        | Found a corrupted altar of Lugonu.
   525 | D        | Found a burning altar of Makhleb.
   526 | D        | Found a sparkling altar of Nemelex Xobeh.
   527 | D        | Found an iron altar of Okawaru.
   528 | D        | Found a stormy altar of Qazlal.
   529 | D        | Found a sacrificial altar of Ru.
   530 | D        | Found a shimmering blue altar of Sif Muna.
   531 | D        | Found a bloodstained altar of Trog.
   532 | D        | Found a hide-covered altar of Uskayaw.
   533 | D        | Found a radiant altar of Vehumet.
   534 | D        | Found an ornate altar of the Wu Jian Council.
   535 | D        | Found a shimmering altar of Xom.
   536 | D        | Found a basalt altar of Yredelemnul.
   537 | D        | Found a glowing silver altar of Zin.
   538 | D        | Found a glowing golden altar of the Shining One.
   541 | D        | Became a worshipper of Vehumet
   580 | D        | Noticed a yak
   580 | D        | Noticed a yak
   580 | D        | Noticed a gargoyle
   596 | D        | Killed a yak
   597 | D        | Reached skill level 5 in Spellcasting
   597 | D        | Reached skill level 10 in Earth Magic
   597 | D        | Reached XP level 6. HP: 15/37 MP: 6/14
   823 | D        | Killed a yak
   824 | D        | Reached skill level 11 in Earth Magic
   839 | D        | Reached * piety under Vehumet
   839 | D        | Offered knowledge of Foxfire by Vehumet.
   840 | D        | Reached skill level 5 in Fighting
   840 | D        | Reached skill level 12 in Earth Magic
   840 | D        | Reached XP level 7. HP: 14/44 MP: 11/16
  1096 | D        | Killed from afar by a gargoyle

Illustrated notes

Levels and vault maps discovered:
D:        linesprint [early_d, line_temple, items_1, d_10, items_2, lair_1,
          lair_end, items_3, orc_1, orc_end, items_4, d_15, swamp_1, shoals_1,
          snake_1, spider_1, d_20, vaults_1, items_5, swamp_end, shoals_end,
          snake_end, spider_end, vaults_end, d_27, items_6, zot_1, zot_end,
          crypt_end, forest_end, elf_end, slime_end, tomb_end, abyss_end,
          pan_hell_end]

Skill      XL: |  1  2  3  4  5  6 |
---------------+-------------------+-----
Transmutations | 3 4 |  4.0
Earth Magic    | 8 10 12 | 12.0
Spellcasting   | 4 5 6 |  6.5
Fighting       | 3 5 |  5.0
Conjurations   | 3 4 |  4.9
Dodging        | |  1.5
Stealth        | |  2.1

Action                   |  1- 3 |  4- 6 |  7- 9 || total
-------------------------+-------+-------+-------++-------
Melee: Dagger            |    17 |    16 |       ||    33
       Rapier            |       |    37 |       ||    37
 Cast: Sandblast         |     7 |       |    14 ||    21
       Petrify           |       |     5 |       ||     5
  Use: Potion            |     1 |       |       ||     1
       Scroll            |       |     1 |       ||     1
 Stab: Petrified         |       |    27 |       ||    27
       Distracted        |       |     1 |       ||     1
Armor: Robe              |     8 |     5 |     1 ||    14
Dodge: Dodged            |    16 |     8 |     8 ||    32

Table legend: (Time is in decaauts)
 A = Elapsed time spent in this place.
 B = Non-inter-level travel time spent in this place.
 C = Inter-level travel time spent in this place.
 D = Time resting spent in this place.
 E = Time spent auto-exploring this place.
 F = Levels seen in this place.
 G = Mean time per level.
                   A        B        C        D        E       F      G
               +--------+--------+--------+--------+--------+-----+--------+
         Total |   1105 |   1105 |      0 |    808 |      0 |   1 | 1105.0 |
       Dungeon |   1105 |   1105 |      0 |    808 |      0 |   1 | 1105.0 |
               +--------+--------+--------+--------+--------+-----+--------+

Top non-repeatable levels by time:
       D: 1105 daAuts
